 Dungeon Crawl Stone Soup version 0.28-a0-1435-g82390b3a13 (webtiles) character file.

Game seed: 13177274478898292667

225706 freelancePsychic the Lord of Darkness (level 18, -9/189 HPs)
             Began as a Demonspawn Wanderer on Jan 9, 2022.
             Was the Champion of Kikubaaqudgha.
             Mangled by a peacekeeper (16 damage)
             ... in the Desolation of Salt.
             The game lasted 01:48:14 (44398 turns).

freelancePsychic the Lord of Darkness (DsWn)       Turns: 44398, Time: 01:48:15

Health: -9/189     AC: 32    Str: 19    XL:     18   Next: 62%
Magic:  30/30      EV: 16    Int: 22    God:    Kikubaaqudgha [******]
Gold:   2449       SH: 23    Dex: 10    Spells: 7/33 levels left

rFire   + . .      SeeInvis .     - Unarmed
rCold   + . .      Faith    .   Y - +8 tower shield of Winter {+Inv rElec Str+4}
rNeg    + . .      Spirit   .   (armour currently unavailable)
rPois   ∞          Reflect  .   P - +0 helmet
rElec   +          Harm     .   i - scarf {rC+ rF+}
rCorr   .          Rampage  .   (gloves currently unavailable)
Will    +....                   (boots currently unavailable)
Stlth   ++........              t - amulet of regeneration
HPRegen 1.21/turn               a - ring of wizardry
MPRegen 0.22/turn               U - +4 ring of protection

@: statue-form, invisible, repel missiles, very slow
A: slow and powerful, torment resistance 1, boosted hp, claws 2, repulsion field
3, powered by pain 1, spiny 2, camouflage 1, MP-powered wands
}: 1/15 runes: decaying
a: End Transformation, Renounce Religion, Evoke Invisibility, Receive Corpses,
Torment


You were in the Desolation of Salt.
You worshipped Kikubaaqudgha.
Kikubaaqudgha was exalted by your worship.
You were a living statue of rough stone.
You visited 6 branches of the dungeon, and saw 31 of its levels.
You also visited: Ice Cave and Desolation.

You collected 3341 gold pieces.
You spent 892 gold pieces at shops.

Inventory:

Hand Weapons
 b - a +9 dagger of pain
Missiles
 k - 625 bolts
 I - a throwing net
Armour
 e - the +1 cloak of Wohox {rCorr Str+2}
   (You found it on level 14 of the Dungeon)

   Str:       It affects your strength (+2).
   rCorr:     It protects you from acid and corrosion.
 g - an orb of wrath
 i - a scarf of resistance (worn)
 F - a +0 pair of gloves (melded)
 M - a +2 robe of positive energy (melded)
 P - a +0 helmet (worn)
 Q - a +2 buckler
 T - a +0 pair of boots (melded)
 Y - the +8 tower shield of Winter (worn) {+Inv rElec Str+4}
   (You found it on level 14 of the Dungeon)

   Str:       It affects your strength (+4).
   rElec:     It insulates you from electricity.
   +Inv:      It lets you turn invisible.
Jewellery
 a - a ring of wizardry (left claw)
 m - a ring of see invisible
 t - an amulet of regeneration (around neck)
 z - a +6 ring of intelligence
 L - a +4 ring of slaying
 N - a ring of ice
 O - a ring of resist corrosion
 U - a +4 ring of protection (right claw)
Wands
 h - a wand of charming (16)
 n - a wand of flame (69)
 s - a wand of acid (12)
 B - a wand of polymorph (34)
 G - a wand of paralysis (12)
 J - a wand of iceblast (24)
 R - a wand of mindburst (7)
 Z - a wand of digging (15)
Scrolls
 f - 4 scrolls of vulnerability
 r - 4 scrolls of torment
 v - 3 scrolls of silence
 x - 9 scrolls of teleportation {@r4}
 y - 4 scrolls of magic mapping
 C - 2 scrolls of noise
 H - a scroll of immolation
 K - 6 scrolls of amnesia
 W - a scroll of brand weapon {unknown}
Potions
 d - a potion of resistance
 j - 2 potions of haste {@q3}
 l - 3 potions of magic
 o - 9 potions of curing {@q1}
 p - a potion of might
 q - 2 potions of cancellation
 u - 6 potions of attraction
 w - 3 potions of brilliance
 A - 2 potions of heal wounds {@q2}
 E - 4 potions of ambrosia
 V - a potion of mutation
 X - 5 potions of lignification
Miscellaneous
 c - a piece from Xom's chessboard (15/15)


   Skills:
 + Level 14.0 Fighting
 - Level 6.0 Short Blades
 - Level 4.6 Crossbows
 - Level 6.7 Armour
 + Level 8.8 Dodging
 + Level 9.9 Shields
 + Level 11.0 Unarmed Combat
 - Level 8.2 Spellcasting
 - Level 14.1 Necromancy
 - Level 11.0 Transmutations
 - Level 13.2 Earth Magic
 - Level 6.1 Poison Magic
 - Level 1.0 Evocations


You had 7 spell levels left.
You knew the following spells:

 Your Spells              Type           Power      Damage    Failure   Level
a - Sandblast             Erth           100%       2d20      1%          1
b - Statue Form           Tmut/Erth      38%        N/A       19%         6
c - Borgnjor's Vile Clut  Necr/Erth      31%        N/A       1%          5
d - Olgreb's Toxic Radia  Pois           35%        N/A       16%         4
e - Dispel Undead         Necr           63%        3d22      1%          4
h - Death Channel         Necr           31%        N/A       9%          6

Your spell library contained the following spells:

 Spells                   Type           Power      Damage    Failure   Level
 Animate Skeleton         Necr           100%       N/A       1%          1
 Pain                     Necr           100%       1d9       1%          1
 Sting                    Tmut/Pois      100%       1d8       1%          1
 Corpse Rot               Necr/Air       80%        N/A       1%          2
 Sublimation of Blood     Necr           63%        N/A       1%          2
 Vampiric Draining        Necr           63%        2d10      1%          3
 Animate Dead             Necr           31%        N/A       1%          4
 Petrify                  Tmut/Erth      58%        N/A       1%          4
 Agony                    Necr           63%        N/A       1%          5
 Stone Arrow              Conj/Erth      76%        3d11      3%          3
 Blade Hands              Tmut           27%        N/A       6%          5
 Poisonous Vapours        Pois/Air       44%        N/A       9%          2
 Animate Armour           Summ/Erth      76%        N/A       12%         4
 Alistair's Intoxication  Tmut/Pois      30%        N/A       16%         5
 Apportation              Tloc           18%        N/A       19%         1
 Freeze                   Ice            36%        1d6       19%         1
 Shock                    Conj/Air       36%        1d5       19%         1
 Summon Small Mammal      Summ           36%        N/A       19%         1
 Static Discharge         Conj/Air       9%         N/A       26%         2
 Call Canine Familiar     Summ           9%         N/A       45%         3
 Conjure Flame            Conj/Fire      9%         6-21      45%         3
 Frozen Ramparts          Ice            18%        1d3       45%         3
 Gell's Gravitas          Tloc           9%         N/A       45%         3
 Summon Guardian Golem    Hex/Summ       9%         N/A       45%         3
 Irradiate                Conj/Tmut      16%        3d19      45%         5
 Simulacrum               Ice/Necr       20%        N/A       80%         6
 Dragon Form              Tmut           27%        N/A       83%         7
 Hailstorm                Conj/Ice       9%         3d4       86%         4
 Summon Ice Beast         Ice/Summ       9%         N/A       86%         4
 Summon Lightning Spire   Summ/Air       9%         N/A       86%         4
 Freezing Cloud           Conj/Ice/Air   4%         6-21      99%         5
 Metabolic Englaciation   Hex/Ice        4%         N/A       99%         5
 Summon Mana Viper        Hex/Summ       9%         N/A       99%         5
 Monstrous Menagerie      Summ           4%         N/A       100%        7
 Storm Form               Tmut/Air       16%        N/A       100%        7
 Lehudib's Crystal Spear  Conj/Erth      19%        10d6      100%        8
 Maxwell's Capacitive Co  Air            4%         ∞         100%        8
 Fire Storm               Conj/Fire      4%         8d1       100%        9


Dungeon Overview and Level Annotations

Branches:
Dungeon (15/15)            Temple (0/1) D:5            Lair (6/6) D:11
  Swamp (4/4) Lair:4       Spider (1/4) Lair:4        Slime (0/5) Lair:5
    Orc (2/2) D:12            Elf (0/3) Orc:2        Vaults (3/5) D:13
  Crypt (0/3) Vaults:3     Depths (0/4) D:15          IceCv (visited)
Desolation (1/1)

Altars:
Ashenzari
Dithmenos
Elyvilon
Kikubaaqudgha
Okawaru
Qazlal
Uskayaw
Vehumet
Wu Jian
Yredelemnul
Beogh
Jiyva

Shops:
D:5 [*   D:6 *   D:8 =   D:12 [(   Orc:1 [   Orc:2 [([[

Annotations:
Lair:1 2 transporters, AbsoluteStateOfPlay's ghost, journeyman DDFi
Lair:5 1 runed translucent door


Innate Abilities, Weirdness & Mutations

You are a living statue of rough stone.
Your actions are slow, but your melee attacks are powerful.
You are resistant to unholy torment.
Your maximum health is greatly increased.
You are immune to poison.
Your equipment is partially melded.
You have very sharp fingernails.
You are surrounded by a strong repulsion field. (EV +4, RMsl)
You sometimes gain a little power by taking damage.
You are mostly covered in sharp spines.
Your skin changes colour to match your surroundings (Stealth+).
You expend magic power (3 MP) to strengthen your wands.


Message History

* * * LOW HITPOINT WARNING * * *
You block the peacekeeper's attack. The peacekeeper claws you.
* * * LOW HITPOINT WARNING * * *
The peacekeeper closely misses you.
The peacekeeper claws you but does no damage.
You eviscerate the peacekeeper!!!
The peacekeeper is almost destroyed.
The peacekeeper no longer looks unusually strong.
You block the peacekeeper's attack.
The peacekeeper claws you but does no damage.
You block the peacekeeper's attack. x2; The saltling hits you!
* * * LOW HITPOINT WARNING * * *
The peacekeeper roars a battlecry!
The golems go into a battle-frenzy!
You block the peacekeeper's attack. The peacekeeper misses you.
The peacekeeper bites you but does no damage.
The peacekeeper closely misses you.
You eviscerate the peacekeeper!!!
You destroy the peacekeeper!
Kikubaaqudgha accepts your kill.
The saltling no longer looks unusually strong.
You block the peacekeeper's attack. The peacekeeper barely misses you.
The peacekeeper roars a battlecry!
The saltling goes into a battle-frenzy!
The peacekeeper bites you!
* * * LOW HITPOINT WARNING * * *
You block the peacekeeper's attack. You block the saltling's attack.
You block the peacekeeper's attack.
The peacekeeper claws you but does no damage.
The saltling completely misses you.
Your Fighting skill increases to level 14!
You eviscerate the saltling!!!
You destroy the saltling!
Kikubaaqudgha accepts your kill.
The peacekeeper bites you but does no damage.
The peacekeeper claws you.
* * * LOW HITPOINT WARNING * * *
You block the peacekeeper's attack. x2; The peacekeeper bites you!
You die...
Kikubaaqudgha rasps: "You have failed me!
Welcome... oblivion!"

,,,,,,,,,,,,......#.,.9,,*,,*,,,,
,,,,,,,,,..........##.*,,*,,*,,,,
,,,,,,,,,..........#.,**,,*,*,,,,
,,,,,,,,,........#..,,**,,,*,,*,,
,,,,,,,,,......§...####.,,,,,,,,,
,,,,,,,,*...§§§§§§§.....*,,,*,,,,
,,,,,,,,,...§§§999§.....,,**,,,,,
,,,,,,,,,...§§§99#*,,,,*,,,*,,,,,
,,,.........§§§§8#,,,,**,***,,,,,
,,,.........§§§§§#,,,,,,,,*,,,,,,
,,,..........§§§§####.*,,,,,,,,,,
,,...........§.§.......,,,,,,,,,,
,,.........§..§§......9,,,,,,,,,,
,............§§§.......,,,,,,,,,,
.......##†.....§.......,,,,,,,,,,
.......#....§..§....#.#,,,,,,,,,,
.....................#.,,,,,,,,,,


You could see 3 peacekeepers and 2 saltlings.

Vanquished Creatures
  An ancient lich (Vaults:2)
  Mara (Swamp:4)
  2 tentacled monstrosities
  Mlioglotl (Swamp:4)
  Asterion (Vaults:1)
  A sphinx (Vaults:3)
  3 thorn hunters
  Kirke (Lair:4)
  2 fire giants
  5 fenstrider witches
  5 vault wardens
  2 frost giants (IceCv)
  A ghost moth (Lair:4)
  The ghost of Hailok the Impaler, a journeyman MfGl of the Shining One (Lair:2)
  8 ironbound preservers
  An ironbound thunderhulk (Vaults:1)
  2 bunyips
  2 eleionomae (Swamp:3)
  A white draconian (IceCv)
  3 dire elephants (Vaults:1)
  An entropy weaver (Vaults:2)
  A green death (Swamp:4)
  A blizzard demon (Swamp:4)
  2 fire dragons (D:14)
  Josephine (D:14)
  An ettin (D:13)
  7 vault guards
  3 yaktaur captains
  A ragged hierophant (Desolation)
  2 peacekeepers
  A servant of whispers (Desolation)
  5 boulder beetles
  2 ironbound frosthearts
  19 hydras
  Erica (D:10)
  3 ghost crabs
  2 centaur warriors
  9 alligators
  5 two-headed ogres
  An orc high priest (Orc:2)
  A death yak (Lair:5)
  14 slime creatures
  2 tengu warriors
  Nergalle (D:12)
  2 soul eaters (Swamp:4)
  A spriggan berserker (Swamp:4)
  5 goliath frogs
  4 spriggan druids
  20 deep trolls
  8 ironbound convokers
  2 swamp dragons
  An orb spider (Lair:4)
  The ghost of Vadun the Carver, a novice TeFi (D:7)
  A flayed ghost (Vaults:2)
  4 bog bodies
  2 lindwurms (Vaults:1)
  An orange crystal statue (IceCv)
  4 harpies
  3 wizards (Swamp:4)
  5 deep elf pyromancers
  A deep elf zephyrmancer (Swamp:4)
  4 wolf spiders
  7 cyclopes
  4 orc sorcerers
  19 ugly things
  4 manticores
  A moth of wrath (shapeshifter) (D:14)
  An oklob plant (Lair:2)
  A will-o-the-wisp (Swamp:4)
  4 vault sentinels
  5 black mambas
  A guardian serpent (Desolation)
  2 unseen horrors
  2 orange demons (Swamp:4)
  2 gargoyles (D:12)
  A demonic crawler (Lair:4)
  13 cane toads
  12 rime drakes
  An efreet (D:15)
  13 yaktaurs
  A kobold demonologist (D:5)
  An entropy weaver simulacrum (D:15)
  7 komodo dragons
  An anaconda simulacrum (D:15)
  5 meliai
  15 polar bears
  2 trolls
  A bloated husk (Swamp:3)
  12 hornets
  7 tyrant leeches
  13 saltlings (Desolation)
  13 blink frogs
  10 dream sheep
  A centaur simulacrum (D:15)
  A culicivora (Lair:4)
  3 shadows
  66 yaks
  A dire elephant simulacrum (D:15)
  4 wyverns
  A vampire (D:12)
  Sigmund (D:2)
  16 spriggans
  3 basilisks
  5 wraiths
  2 hogs (Lair:4)
  A golden eye (shapeshifter) (D:13)
  A human (shapeshifter) (D:13)
  2 neqoxecs (Swamp:4)
  3 chaos spawn (Swamp:4)
  2 redbacks
  22 vampire mosquitoes
  15 swamp worms
  3 wargs
  3 acid dragons
  7 water moccasins
  2 sky beasts
  3 swamp drakes
  2 alligator simulacra (D:15)
  2 black bears
  An ice beast (D:7)
  22 orc warriors
  4 necrophages
  3 ogres
  5 boggarts
  7 centaurs
  12 wolves
  2 phantoms (D:5)
  A kobold brigand (D:7)
  7 bullfrogs
  A gnoll sergeant (D:8)
  A wyvern zombie (D:9)
  3 deep troll simulacra (D:15)
  A scorpion (D:6)
  10 killer bees
  9 wights
  2 howler monkeys (D:12)
  A bullfrog zombie (D:7)
  2 electric eels
  3 centaur zombies
  A jelly (D:6)
  3 hounds
  15 orc priests
  2 iguanas (D:5)
  Crazy Yiuf (D:2)
  A bullfrog skeleton (D:6)
  9 hell rats
  Ijyb (D:3)
  25 orc wizards
  A howler monkey zombie (D:10)
  15 gnolls
  6 adders
  5 river rats (Lair:3)
  A shadow imp (D:7)
  A white imp (D:6)
  3 ufetubi
  A worm (D:2)
  A dart slug (D:2)
  60 orcs
  4 ball pythons
  7 endoplasms
  3 giant cockroaches
  7 goblins
  3 hobgoblins
  2 jackals (D:4)
  4 quokkas
  6 bats
  3 frilled lizards
  10 kobolds
  7 rats
857 creatures vanquished.

Vanquished Creatures (collateral kills)
  2 fenstrider witches
  An orc warlord (Orc:2)
  A vault warden (Vaults:3)
  A ghost moth (Lair:4)
  A very ugly thing (Vaults:1)
  2 eleionomae
  3 ironbound thunderhulks
  The ghost of HallandMoats the Protected, a journeyman MiFi of Hepliaklqana (D:14)
  2 yaktaur captains (Vaults:2)
  An ogre mage (Swamp:4)
  3 hydras
  A rakshasa (D:13)
  A vault guard (Vaults:1)
  A death knight (D:13)
  A tengu warrior (D:14)
  2 alligators
  A flayed ghost (D:13)
  A swamp dragon (Lair:4)
  5 deep trolls
  3 ironbound convokers
  2 lindwurms (Vaults:2)
  2 ugly things (D:14)
  A manticore (D:14)
  A moth of wrath (D:14)
  4 slime creatures
  2 torpor snails
  A gargoyle (D:13)
  2 cane toads
  2 rime drakes (IceCv)
  10 yaktaurs
  A freezing wraith (D:14)
  2 hellwings (Swamp:4)
  A hornet (Lair:6)
  2 polar bears
  A meliai (D:13)
  5 blink frogs
  6 spriggans
  A hog (Lair:4)
  22 yaks
  A vampire mosquito (Swamp:3)
  4 swamp worms
  A water moccasin (Lair:4)
  5 orc warriors (Orc:2)
  A boggart (Lair:6)
  2 black bears (Lair:6)
  9 wolves
  A bullfrog (Lair:1)
  A howler monkey (D:12)
  2 orc priests (Orc:2)
  A river rat (Lair:3)
  2 orcs (Orc:2)
  A rat (Lair:3)
  2 pillars of salt (Vaults:3)
135 creatures vanquished.

Vanquished Creatures (others)
  2 bloated husks
  An orc warrior (Orc:2)
  6 foxfires (Swamp:4)
  32 fungi
  10 pillars of salt (Vaults:3)
  63 plants
114 creatures vanquished.

Grand Total: 1106 creatures vanquished

Notes
Turn   | Place    | Note
-------+----------+-------------------------------------------
     0 | D:1      | freelancePsychic the Demonspawn Wanderer began the quest
                  | for the Orb.
     0 | D:1      | freelancePsychic set off with the following items: a +2
                  | hand crossbow, 27 bolts, a piece from Xom's chessboard
                  | (15/15), 31 stones, a +0 leather armour; and the following
                  | spell memorised: Sandblast; and the following spells
                  | available to memorise: Stone Arrow
     0 | D:1      | Reached XP level 1. HP: 13/13 MP: 2/2
     8 | D:1      | You fall into a shaft and drop 1 floor!
   104 | D:1      | Found a faded altar of an unknown god.
   112 | D:1      | Got Plato's Papyrus of the Traveller
   113 | D:1      | Prayed at the altar of an unknown god.
   113 | D:1      | Became a worshipper of Kikubaaqudgha
   113 | D:1      | Reached * piety under Kikubaaqudgha
   113 | D:1      | Received a gift from Kikubaaqudgha
   250 | D:1      | Reached skill level 1 in Fighting
   274 | D:1      | Gained mutation: You are partially covered in sharp spines.
                  | [demonic ancestry]
   274 | D:1      | Reached XP level 2. HP: 21/21 MP: 3/3
   321 | D:1      | Reached skill level 1 in Necromancy
   966 | D:2      | Noticed Sigmund
   973 | D:2      | Reached XP level 3. HP: 25/26 MP: 4/4
  1340 | D:2      | Found a runed translucent door.
  1341 | D:2      | Noticed Crazy Yiuf
  1620 | D:2      | Reached ** piety under Kikubaaqudgha
  1626 | D:2      | Reached skill level 1 in Short Blades
  1783 | D:2      | Reached XP level 4. HP: 33/33 MP: 5/5
  1983 | D:2      | Learned a level 3 spell: Vampiric Draining
  1994 | D:2      | Killed Crazy Yiuf
  2270 | D:2      | Killed Sigmund
  2271 | D:2      | Reached XP level 5. HP: 25/39 MP: 6/6
  2545 | D:3      | Reached XP level 6. HP: 46/46 MP: 7/7
  2627 | D:3      | Noticed Ijyb
  2670 | D:3      | Killed Ijyb
  3092 | D:3      | Found an ornate altar of the Wu Jian Council.
  3172 | D:3      | Found an iron altar of Okawaru.
  3366 | D:4      | Found a radiant altar of Vehumet.
  3854 | D:4      | Found a hide-covered altar of Uskayaw.
  4015 | D:5      | Entered Level 5 of the Dungeon
  4032 | D:5      | Noticed a kobold demonologist
  4041 | D:5      | Noticed a sixfirhy
  4044 | D:5      | Killed a kobold demonologist
  4045 | D:5      | Reached skill level 5 in Necromancy
  4045 | D:5      | Gained mutation: You are surrounded by a mild repulsion
                  | field. (EV +2) [demonic ancestry]
  4045 | D:5      | Reached XP level 7. HP: 52/52 MP: 8/8
  4244 | D:5      | Found a broken altar of Ashenzari.
  4832 | D:5      | Found a staircase to the Ecumenical Temple.
  4959 | D:5      | Reached XP level 8. HP: 61/61 MP: 9/9
  5048 | D:5      | Found Qocaeryts's Antique Armour Shop.
  5054 | D:5      | Bought a pair of gloves for 117 gold pieces
  5611 | D:6      | Found Luijerin's Assorted Antiques.
  5795 | D:6      | Reached *** piety under Kikubaaqudgha
  5795 | D:6      | Received a gift from Kikubaaqudgha
  5796 | D:6      | Reached skill level 5 in Fighting
  5796 | D:6      | Reached skill level 1 in Armour
  5936 | D:5      | Learned a level 5 spell: Borgnjor's Vile Clutch
  6848 | D:6      | Reached XP level 9. HP: 68/68 MP: 2/12
  8176 | D:6      | Learned a level 4 spell: Dispel Undead
  8601 | D:7      | Found a large runed translucent door.
  8601 | D:7      | Found a large runed translucent door.
  8605 | D:7      | Noticed Vadun's ghost (novice TeFi)
  8757 | D:7      | Found a stormy altar of Qazlal.
  8925 | D:7      | Reached **** piety under Kikubaaqudgha
  9188 | D:7      | Killed Vadun's ghost
  9273 | D:8      | Found Ebesussa's Jewellery Emporium.
  9430 | D:8      | Noticed a two-headed ogre
 10103 | D:6      | Bought a smoking ring mail for 198 gold pieces
 10103 | D:6      | Identified the +1 ring mail of the Six Artists {rPois rF+
                  | Will++ Str-4} (You bought it in a shop on level 6 of the
                  | Dungeon)
 10113 | D:6      | Bought a scroll labelled ULIH QAUTO for 22 gold pieces
 10117 | D:6      | Identified a scroll of acquirement
 10117 | D:6      | Acquired 620 gold pieces
 10119 | D:6      | Bought a scroll of blinking for 165 gold pieces
 10230 | D:7      | Gained mutation: You sometimes gain a little power by
                  | taking damage. [demonic ancestry]
 10230 | D:7      | Reached XP level 10. HP: 44/76 MP: 2/16
 10438 | D:8      | Killed a two-headed ogre
 10439 | D:8      | Reached skill level 5 in Earth Magic
 10455 | D:8      | Paralysed by a hornet for 2 turns
 10465 | D:8      | Reached skill level 5 in Spellcasting
 11227 | D:9      | Found a basalt altar of Yredelemnul.
 11434 | D:9      | Identified the +2 scale mail of Limitation {Drain Dex+3
                  | Stlth+}
 11569 | D:8      | Reached skill level 10 in Necromancy
 12147 | D:10     | Entered Level 10 of the Dungeon
 12625 | D:10     | Learned a level 6 spell: Death Channel
 12729 | D:10     | Noticed Erica
 12746 | D:10     | Killed Erica
 12960 | D:10     | Gained mutation: You are mostly covered in sharp spines.
                  | [demonic ancestry]
 12960 | D:10     | Reached XP level 11. HP: 83/83 MP: 15/20
 13006 | D:10     | Reached ***** piety under Kikubaaqudgha
 13128 | D:10     | Noticed a two-headed ogre
 13135 | D:10     | Killed a two-headed ogre
 13942 | D:11     | Noticed a two-headed ogre
 13952 | D:11     | Killed a two-headed ogre
 14350 | D:11     | Found a staircase to the Lair.
 14497 | D:11     | Noticed a two-headed ogre
 14508 | D:11     | Killed a two-headed ogre
 14511 | D:11     | Noticed a centaur warrior
 14514 | D:11     | Reached skill level 5 in Armour
 14520 | D:11     | Killed a centaur warrior
 14902 | Lair:1   | Entered Level 1 of the Lair of Beasts
 14933 | Lair:1   | Found an ornate altar of the Wu Jian Council.
 14934 | Lair:1   | Noticed a boulder beetle
 14935 | Lair:1   | Found a hide-covered altar of Uskayaw.
 14950 | Lair:1   | Killed a boulder beetle
 15169 | Lair:1   | Reached skill level 1 in Poison Magic
 15365 | Lair:1   | Noticed a seven-headed hydra
 15366 | Lair:1   | Found a transporter.
 15368 | Lair:1   | Noticed AbsoluteStateOfPlay's ghost (journeyman DDFi)
 15458 | Lair:1   | Gained mutation: You are surrounded by a moderate repulsion
                  | field. (EV +3) [demonic ancestry]
 15458 | Lair:1   | Reached XP level 12. HP: 92/92 MP: 11/22
 15677 | Lair:1   | Noticed a seven-headed hydra
 15682 | Lair:1   | Killed a seven-headed hydra
 15843 | Lair:1   | Found a transporter.
 15912 | Lair:1   | Noticed a six-headed hydra
 15920 | Lair:1   | Killed a six-headed hydra
 16349 | Lair:1   | Identified the +0 scale mail "Ynurghas" {Int+4}
 17049 | Lair:1   | Noticed a five-headed hydra
 17056 | Lair:1   | Killed a five-headed hydra
 17213 | Lair:2   | Found a runed translucent gate.
 17298 | Lair:2   | Found a runed translucent gate.
 17299 | Lair:2   | Found a runed translucent gate.
 17529 | Lair:2   | Noticed an eight-headed hydra
 17541 | Lair:2   | Killed an eight-headed hydra
 17755 | Lair:2   | Reached skill level 5 in Poison Magic
 17850 | Lair:2   | Noticed an eight-headed hydra
 17859 | Lair:2   | Killed an eight-headed hydra
 18297 | Lair:2   | Learned a level 4 spell: Olgreb's Toxic Radiance
 18556 | Lair:2   | Gained mutation: You have sharp fingernails. [demonic
                  | ancestry]
 18556 | Lair:2   | Reached XP level 13. HP: 78/101 MP: 13/23
 18802 | Lair:2   | Noticed Hailok's ghost (journeyman MfGl)
 19037 | Lair:2   | Killed Hailok's ghost
 20007 | Lair:3   | Reached skill level 10 in Fighting
 20050 | Lair:3   | Reached ****** piety under Kikubaaqudgha
 20166 | Lair:3   | Identified a +8 dagger of pain (a +6 dagger of draining
                  | bloodied by Kikubaaqudgha)
 20166 | Lair:3   | Received a gift from Kikubaaqudgha
 20409 | Lair:3   | Reached skill level 5 in Short Blades
 21497 | Lair:4   | Found a staircase to the Swamp.
 21516 | Lair:4   | Reached skill level 1 in Transmutations
 21651 | Lair:4   | Found a hole to the Spider Nest.
 21894 | Lair:4   | Noticed Kirke
 21907 | Lair:4   | Killed Kirke
 22751 | D:8      | Bought an amulet of regeneration for 390 gold pieces
 23812 | Lair:5   | Found a runed translucent door.
 23814 | Lair:5   | Found a viscous altar of Jiyva.
 23814 | Lair:5   | Found a staircase to the Slime Pits.
 24937 | Lair:6   | Entered Level 6 of the Lair of Beasts
 24956 | Lair:6   | Reached skill level 5 in Dodging
 24956 | Lair:6   | Gained mutation: You have very sharp fingernails. [demonic
                  | ancestry]
 24956 | Lair:6   | Reached XP level 14. HP: 108/113 MP: 5/24
 26244 | Lair:6   | Identified the +9 halberd "Kohuud" {venom, rPois Int+3}
 26283 | Lair:6   | Paralysed by a hornet for 3 turns
 27006 | Lair:6   | Learned a level 6 spell: Statue Form
 27303 | D:12     | Found Poex's Weapon Shoppe.
 27303 | D:12     | Found a staircase to the Orcish Mines.
 27304 | D:12     | Found Dalas's Armour Shoppe.
 27669 | D:12     | Reached skill level 5 in Transmutations
 27735 | D:12     | Noticed Nergalle
 27743 | D:12     | Killed Nergalle
 29141 | D:13     | Noticed a fire giant
 29279 | D:13     | Killed a fire giant
 29637 | D:13     | Found a gate to the Vaults.
 29659 | D:13     | Reached XP level 15. HP: 107/122 MP: 2/25
 29670 | D:13     | Reached skill level 10 in Earth Magic
 30175 | D:14     | Noticed Josephine
 30199 | D:14     | Killed Josephine
 30759 | D:14     | Found a transporter.
 30760 | D:14     | Noticed HallandMoats's ghost (journeyman MiFi)
 30786 | D:14     | Found a transporter.
 30824 | D:14     | Killed HallandMoats's ghost
 30829 | D:14     | Identified the +1 cloak of Wohox {rCorr Str+2}
 30831 | D:14     | Identified the +8 tower shield of Winter {+Inv rElec Str+4}
 31279 | D:14     | Found a shadowy altar of Dithmenos.
 31873 | D:15     | Entered Level 15 of the Dungeon
 31912 | D:15     | Found a frozen archway.
 32060 | IceCv    | Entered an ice cave
 32722 | IceCv    | Noticed a frost giant
 32722 | IceCv    | Noticed a frost giant
 32730 | IceCv    | Killed a frost giant
 32730 | IceCv    | Killed a frost giant
 32816 | IceCv    | Found the +5 demon whip "Spellbinder" {antimagic, Will+}
 33162 | Orc:1    | Entered Level 1 of the Orcish Mines
 33328 | Orc:1    | Found Gumnuat's Antique Armour Boutique.
 33475 | Orc:2    | Entered Level 2 of the Orcish Mines
 33525 | Orc:2    | Found a staircase to the Elven Halls.
 33560 | Orc:2    | Found Kiehacop's Antique Armour Emporium.
 33565 | Orc:2    | Reached XP level 16. HP: 102/132 MP: 20/28
 34074 | Orc:2    | Reached skill level 1 in Shields
 34309 | Orc:2    | Found Quuhi's Antique Armour Boutique.
 34604 | Orc:2    | Found Urhi's Antique Armour Shop.
 34611 | Orc:2    | Found Wockeir's Antique Weapon Boutique.
 35107 | Spider:1 | Entered Level 1 of the Spider Nest
 35120 | Lair:4   | Reached skill level 1 in Unarmed Combat
 35267 | Swamp:1  | Entered Level 1 of the Swamp
 35349 | Swamp:1  | Noticed a thorn hunter
 35457 | Lair:4   | Killed a thorn hunter
 36131 | Swamp:1  | Reached skill level 5 in Shields
 36582 | Swamp:1  | Reached skill level 5 in Unarmed Combat
 36582 | Swamp:1  | Paralysed by a fenstrider witch for 2 turns
 36586 | Swamp:1  | Noticed a tentacled monstrosity
 36591 | Swamp:1  | Killed a tentacled monstrosity
 37506 | Swamp:2  | Noticed a thorn hunter
 37516 | Swamp:2  | Killed a thorn hunter
 38323 | Swamp:3  | Noticed a thorn hunter
 38329 | Swamp:3  | Killed a thorn hunter
 38361 | Swamp:3  | Got the Papyrus of Displaced Lightness
 38903 | Swamp:4  | Entered Level 4 of the Swamp
 38903 | Swamp:4  | Noticed Mlioglotl
 38911 | Swamp:4  | Noticed a tentacled starspawn
 38912 | Swamp:4  | Killed Mlioglotl
 38953 | Swamp:4  | Noticed Mara
 38972 | Swamp:4  | Noticed freelancePsychic's illusion
 39000 | Swamp:4  | Killed Mara
 39001 | Swamp:4  | Reached XP level 17. HP: 132/138 MP: 2/29
 39377 | Swamp:4  | Gained mutation: Armour fits poorly on your strangely
                  | shaped body. [a neqoxec]
 39450 | Swamp:4  | Noticed a tentacled monstrosity
 39466 | Swamp:4  | Killed a tentacled monstrosity
 39491 | Swamp:4  | Gained mutation: Your spells are a little easier to cast,
                  | but a little less powerful. [a neqoxec]
 39496 | Swamp:4  | Lost mutation: Your spells are a little easier to cast, but
                  | a little less powerful. [potion of mutation]
 39496 | Swamp:4  | Lost mutation: Armour fits poorly on your strangely shaped
                  | body. [potion of mutation]
 39496 | Swamp:4  | Gained mutation: Your skin changes colour to match your
                  | surroundings (Stealth+). [potion of mutation]
 39496 | Swamp:4  | Gained mutation: You expend magic power (3 MP) to
                  | strengthen your wands. [potion of mutation]
 40411 | Swamp:4  | Got the Grimoire of Attacks
 40440 | Swamp:4  | Paralysed by a fenstrider witch for 5 turns
 40453 | Swamp:4  | Got a decaying rune of Zot
 40911 | Vaults:1 | Entered Level 1 of the Vaults
 41084 | Vaults:1 | Reached skill level 10 in Unarmed Combat
 42563 | Vaults:2 | Reached skill level 10 in Transmutations
 42595 | Vaults:2 | Gained mutation: You are surrounded by a strong repulsion
                  | field. (EV +4, RMsl) [demonic ancestry]
 42595 | Vaults:2 | Reached XP level 18. HP: 145/145 MP: 12/30
 43083 | Vaults:2 | Noticed an ancient lich
 43083 | Vaults:2 | Noticed Asterion
 43166 | Vaults:1 | Killed Asterion
 43740 | Vaults:2 | Killed an ancient lich
 44251 | Vaults:3 | Found a crumbling gateway.
 44350 | Desolati | Entered the Desolation of Salt
 44397 | Desolati | HP: 9/188 [peacekeeper (13)]
 44398 | Desolati | Mangled by a peacekeeper

Illustrated notes

Levels and vault maps discovered:
D:1:      dpeg_arrival_arbitrary_b, layout_loops_cross,
          shapermc_ecumenical_altar_rom_forum, amcnicky_mini_pool_small,
          minmay_cupped
D:2:      kennysheep_six_static_rooms, layout_loops_ring,
          minmay_close_crescents, uniq_crazy_yiuf_cottage, uniq_sigmund
D:3:      layout_rooms, mainiacjoe_overflow_two_lobes, uniq_ijyb
D:4:      layout_loops_cross, vehumet_altar_wand_db,
          nicolae_uskayaw_murder_on_the_dancefloor, minmay_hedge_maze
D:5:      layout_basic, mainiacjoe_overflow_alcove_1,
          minmay_temple_entry_drinking_statues, serial_curves, eino_curves_01,
          eino_curves_04, serial_shops, nicolae_shop_crystal
D:6:      minmay_spotlight, layout_basic, serial_shops, nicolae_shop_statue_plus
D:7:      layout_rooms, nicolae_qazlal_scattered_showers,
          ebering_ghost_disaster_area
D:8:      layout_cave_pools, serial_shops, nicolae_shop_waterfront
D:9:      layout_loops_ring, kennysheep_ying_yang
D:10:     layout_small_grid, skrybe_limestone_x, uniq_erica
D:11:     layout_basic, lair_entry_dummy, kennysheep_generic_room_9
D:12:     kennysheep_blocky_room, layout_loops_corners, orc_david_3,
          uniq_nergalle
D:13:     layout_basic, lightli_vaults_fourway_checkpoint,
          minmay_checkered_concentric_circles
D:14:     layout_long_grid, grunt_dithmenos_shadows,
          gammafunk_ghost_berserking_beasts, st_stairs_2, minmay_bent,
          uniq_josephine
D:15:     gammafunk_depths_entry_grave, layout_loops_corners,
          portal_ice_cave_entry_ice_simulacra, serial_bayou_lagoon_a
Lair:1:   layout_regular_city, gammafunk_ghost_arena,
          nzn_masters_of_martial_movement
Lair:2:   layout_chaotic_city, ebering_ghost_rock_garden, grunt_megastairs_1
Lair:3:   layout_regular_city, fungi_pond_lemuel, kennysheep_abandoned_house
Lair:4:   layout_small_grid, swamp_mist, nicolae_spider_entry_orb_guardian,
          grunt_megastairs_4, uniq_kirke
Lair:5:   layout_layer_cave, slime_altar_2, wad_woods_river_01,
          serial_bayou_shore_b
Lair:6:   minmay_lair_end_enchanted_forest, layout_misc_corridors,
          infiniplex_staircase_pool
Swamp:1:  layout_falls_marsh, evilmike_swamp_ruin_house_4,
          nicolae_swamp_soggy_hallways
Swamp:2:  layout_falls_marsh, evilmike_swamp_ruin_rubble_2, grunt_witch_cave
Swamp:3:  layout_falls_marsh, serial_swamp_ruin, evilmike_swamp_ruin_house_6,
          evilmike_swamp_ruin_house_3
Swamp:4:  nzn_swamp_witches_coven, layout_basic_swamp, swamp_pool2, uniq_mara,
          uniq_mlioglotl
Spider:1: layout_cave_pods, nicolae_spider_rock_and_or_roll
Orc:1:    layout_caves, serial_shops, nicolae_lakefront_shop,
          hellmonk_ghost_happy_afterlife, uniq_fannar
Orc:2:    grunt_orc_community_town_hall, layout_diamond_mine,
          grunt_orc_community_big_house_1, grunt_orc_community_big_house_2,
          grunt_orc_community_house_1, grunt_orc_community_house_1,
          grunt_orc_community_house_1, grunt_orc_community_house_2,
          grunt_orc_community_house_1, grunt_orc_community_house_3
Vaults:1: v_misc_1, v_misc_1, hangedman_vaults_nails, v_pattern_1,
          vaults_room_fancy_cross, v_misc_19, nicolae_vaults_network_quinsquares
          [nicolae_vaults_network_quincunx_subvault,
          nicolae_vaults_network_quincunx_subvault,
          nicolae_vaults_network_quincunx_subvault,
          nicolae_vaults_network_quincunx_subvault], ontoclasm_vaults_shuriken,
          ontoclasm_vaults_ligature, vaults_room_guarded_vault,
          vaults_dpeg_encased_lava, layout_vaults_omnigrid
Vaults:2: nicolae_vaults_rhombus_6, vaults_mumra_minichess,
          vaults_standard_mumra_x, vaults_room_boxed,
          nicolae_vaults_ring_of_whatevers, v_misc_23, hangedman_vaults_maws,
          vaults_room_glass_cross, hangedman_vaults_slice, vaults_dpeg_hooks,
          layout_vaults_chaotic_city, uniq_asterion
Vaults:3: portal_desolation_entry_garden, nicolae_vaults_mini_display_case,
          vaults_mumra_lcd, grunt_vaults_diagonal, ontoclasm_vaults_misaligned,
          ontoclasm_vaults_ring_large, vaults_mumra_hexcomb, vaults_dpeg_cross,
          minmay_crypt_entry_necro_gods, hangedman_vaults_pinch,
          nicolae_vaults_border_crossing, vaults_standard_mumra_lines,
          nicolae_vaults_little_squares_3, ontoclasm_vaults_loading_screen,
          v_misc_23, layout_vaults_omnicross, serial_shops,
          nicolae_shop_behind_doors
Desolation

Skill      XL: |  1  2  3  4  5  6  7  8  9 10 11 12 13 14 15 16 17 18 |
---------------+-------------------------------------------------------+-----
Fighting       | 1 2 3 4 5 6 8 9 11 12 13 14 | 14.0
Necromancy     | 1 2 4 5 7 8 9 10 12 13 14 | 14.1
Short Blades   | 1 2 3 4 6 |  6.0
Armour         | 2 3 4 5 6 |  6.7
Earth Magic    | 3 4 6 7 8 9 11 12 13 | 13.2
Spellcasting   | 2 4 6 7 8 |  8.2
Poison Magic   | 2 5 6 |  6.1
Dodging        | 5 7 8 |  8.8
Transmutations | 3 6 8 9 10 11 | 11.0
Shields        | 6 8 9 |  9.9
Unarmed Combat | 7 10 11 | 11.0
Crossbows      | |  4.6
Evocations     | |  1.0

Action                   |  1- 3 |  4- 6 |  7- 9 | 10-12 | 13-15 | 16-18 || total
-------------------------+-------+-------+-------+-------+-------+-------++-------
Melee: Unarmed           |     7 |       |       |       |       |   530 ||   537
       Dagger            |    38 |    62 |   250 |   172 |   412 |    61 ||   995
       Punch             |       |       |       |       |     3 |     1 ||     4
 Fire: Hand crossbow     |    51 |     6 |       |       |       |       ||    57
Throw: Stone             |       |       |    18 |     1 |       |       ||    19
 Cast: Vampiric Draining |       |       |    29 |    63 |     5 |       ||    97
       Dispel Undead     |       |       |     5 |    15 |    26 |    14 ||    60
       Borgnjor's Vile C |       |       |     1 |    71 |   138 |    97 ||   307
       Death Channel     |       |       |       |     7 |    39 |    31 ||    77
       Sandblast         |       |       |       |     1 |       |       ||     1
       Olgreb's Toxic Ra |       |       |       |       |    37 |    15 ||    52
       Statue Form       |       |       |       |       |     1 |    80 ||    81
Invok: Brand Weapon With |       |       |       |       |     1 |       ||     1
 Abil: End Transformatio |       |       |       |       |       |     2 ||     2
Evoke: Wand              |       |       |       |       |     3 |     1 ||     4
  Use: Scroll            |     2 |       |    14 |     1 |    10 |    15 ||    42
       Potion            |       |     1 |     1 |     1 |     2 |     7 ||    12
 Stab: Distracted        |       |       |       |     1 |     1 |       ||     2
       Invisible         |       |       |       |       |     3 |       ||     3
       Confused          |       |       |       |       |       |     1 ||     1
Armor: Leather armour    |    18 |    14 |    18 |       |       |       ||    50
       Ring mail         |       |       |    69 |   102 |   231 |    15 ||   417
       Skin              |       |       |       |       |     8 |   697 ||   705
       Robe              |       |       |       |       |       |     8 ||     8
Dodge: Dodged            |    27 |    21 |   114 |   146 |   375 |   872 ||  1555
       Repelled          |       |       |       |       |       |     1 ||     1
Block: Buckler           |       |       |       |       |       |   148 ||   148
       Tower shield      |       |       |       |       |       |   425 ||   425

Table legend: (Time is in decaauts)
 A = Elapsed time spent in this place.
 B = Non-inter-level travel time spent in this place.
 C = Inter-level travel time spent in this place.
 D = Time resting spent in this place.
 E = Time spent auto-exploring this place.
 F = Levels seen in this place.
 G = Mean time per level.
                   A        B        C        D        E       F      G
               +--------+--------+--------+--------+--------+-----+--------+
         Total |  47334 |  44540 |   2794 |   8472 |  29176 |  33 | 1434.4 |
       Dungeon |  21422 |  19978 |   1444 |   5038 |  12241 |  15 | 1428.1 |
          Lair |  13401 |  12519 |    882 |   1956 |   9104 |   6 | 2233.5 |
         Swamp |   5915 |   5682 |    233 |    448 |   3964 |   4 | 1478.8 |
   Spider Nest |      6 |      6 |      0 |      0 |      0 |   1 |    6.0 |
  Orcish Mines |   1626 |   1517 |    109 |     21 |   1242 |   2 |  813.0 |
        Vaults |   4070 |   3946 |    124 |    513 |   2512 |   3 | 1356.7 |
      Ice Cave |    822 |    822 |      0 |    495 |    112 |   1 |  822.0 |
    Desolation |     71 |     71 |      0 |      0 |      0 |   1 |   71.0 |
               +--------+--------+--------+--------+--------+-----+--------+

Top non-repeatable levels by time:
  Lair:4: 3239 daAuts
     D:6: 2522 daAuts
  Lair:1: 2252 daAuts
 Swamp:4: 2251 daAuts
  Lair:6: 2211 daAuts
  Lair:2: 2065 daAuts
Vaults:1: 2046 daAuts
    D:11: 2026 daAuts
  Lair:3: 1924 daAuts
     D:7: 1922 daAuts
    D:12: 1873 daAuts
Vaults:2: 1832 daAuts
     D:5: 1832 daAuts
    D:14: 1814 daAuts
  Lair:5: 1708 daAuts
